 Dungeon Crawl Stone Soup version 0.23.0-33-g5e6c059 (webtiles) character file.

Game seed: 7666663861150811035

122 DarkinPup the Skirmisher (level 4, 0/37 HPs)
             Began as a Demonspawn Abyssal Knight on Feb 27, 2019.
             Was a Believer of Lugonu.
             Slain by a crimson imp (1 damage)
             ... on level 3 of the Dungeon.
             The game lasted 00:05:50 (2890 turns).

DarkinPup the Skirmisher (DsAK)                     Turns: 2890, Time: 00:05:50

Health: 0/37       AC:  8    Str: 14    XL:     4   Next: 78%
Magic:  6/6        EV:  9    Int: 13    God:    Lugonu [**....]
Gold:   171        SH:  0    Dex: 14    Spells: 3/3 levels left

rFire    . . .     SeeInvis .   a - +1 falchion
rCold    . . .     Gourm    .   (no shield)
rNeg     . . .     Faith    .   h - +0 scale mail
rPois    .         Spirit   .   p - +0 helmet
rElec    .         Reflect  .   (no cloak)
rCorr    .         Harm     .   b - +0 pair of gloves
MR       .....                  (no boots)
Stlth    ++........             (no amulet)
HPRegen  0.12/turn              d - ring of stealth
MPRegen  0.10/turn              (no ring)

@: lethally poisoned (0 -> -1)
A: claws 1, thin skeletal structure 1
a: Depart the Abyss, Bend Space, Renounce Religion


You were on level 3 of the Dungeon.
You worshipped Lugonu.
Lugonu was pleased with you.
You were very hungry.

You visited 1 branch of the dungeon, and saw 3 of its levels.
You visited the Abyss 1 time.

You collected 171 gold pieces.

Inventory:

Hand Weapons
 a - a +1 falchion (weapon)
Armour
 b - a +0 pair of gloves (worn)
 h - a +0 scale mail (worn)
 p - a +0 helmet (worn)
Jewellery
 d - a ring of stealth (left hand)
 s - a cursed ring of attention {unknown}
Scrolls
 e - 3 scrolls of amnesia {unknown}
 j - 2 scrolls of identify {unknown}
 k - 2 scrolls of enchant armour {unknown}
 n - a scroll of blinking {unknown}
 q - a scroll of teleportation {unknown}
Potions
 f - 2 potions of degeneration {unknown}
 g - a potion of flight {unknown}
 i - a potion of curing {unknown}
 l - 3 potions of heal wounds {unknown}
 m - a potion of magic {unknown}
 o - a potion of agility {unknown}
 r - 2 potions of lignification {unknown}
Comestibles
 c - 6 rations


   Skills:
 * Level 3.8 Fighting
 * Level 2.8 Long Blades
 + Level 2.2 Armour
 + Level 1.5 Dodging
 + Level 0.4 Unarmed Combat
 + Level 3.4 Invocations


You had 3 spell levels left.
You didn't know any spells.
Your spell library was empty.

Dungeon Overview and Level Annotations

Branches:
Dungeon (3/15)

Altars:
Nemelex Xobeh
Trog
Xom
Yredelemnul


Innate Abilities, Weirdness & Mutations

You have sharp fingernails.
You have a somewhat thin skeletal structure. (Dex +2, Stealth)


Message History

You feel sick.
The crimson imp hits you but does no damage.
There is an open door here.
The crimson imp hits you with a +2 dagger of chaos.
* * * LOW HITPOINT WARNING * * *
* * * LOW HITPOINT WARNING * * *
You feel sick. The crimson imp barely misses you.
There is a shimmering altar of Xom here.
The crimson imp blinks!
The teleport trap disappears.
The crimson imp disappears!
You open the door.
* * * LOW HITPOINT WARNING * * *
You feel sick.
The crimson imp disappears for a moment.
The crimson imp hits you but does no damage.
There is an open door here.
You barely miss the crimson imp.
* * * LOW HITPOINT WARNING * * *
You feel sick. The crimson imp hits you.
You die...

#.#.#.#...#.#.#.#.
#.#.#'...+#.#.#.#
#.#.#...#.#.#.#.
#.#.#.#+#+#+#.#.#
#.#.#.#.........#.
#.#.#.#.#.......#.#
+#.#.#.#'.....[.+#.
#.#.#.#.#.......#.#
+#@#.#.#.#+#+#+#.#.
####5####.#.#.#.#.#.#
#.^.5...##.#.#.#.#.#.
###._.###.#.#.#.#.#.#
#.^.....##.#.#.#.#.#.
####+#+####w####.#.#.#.#.#.#
#.........#.#.#.#.#.#.#.....
#........#<#.#.#########'''#
#........+#.#.#.########...#


You could see a worm and 2 crimson imps.

Vanquished Creatures
  An orc wizard (D:3)
  2 adders (D:2)
  An ooze (D:2)
  A worm (D:2)
  2 dart slugs (D:1)
  4 orcs (D:3)
  2 ball pythons
  4 giant cockroaches
  4 goblins
  6 hobgoblins
  6 jackals (D:1)
  6 kobolds
  9 bats
  5 frilled lizards
  5 rats
58 creatures vanquished.

Notes
Turn   | Place    | Note
-------+----------+-------------------------------------------
     0 | Abyss:1  | DarkinPup the Demonspawn Abyssal Knight began the quest for
                  | the Orb.
     0 | Abyss:1  | Reached XP level 1. HP: 18/18 MP: 2/2
    20 | Abyss:1  | Found a shimmering altar of Xom.
   115 | Abyss:1  | Found an ornate altar of the Wu Jian Council.
   117 | Abyss:1  | Noticed a small abomination
   128 | Abyss:1  | Noticed a small abomination
   134 | D:1      | Escaped the Abyss
   409 | D:1      | Reached skill level 1 in Dodging
   443 | D:1      | Gained mutation: You have a somewhat thin skeletal
                  | structure. (Dex +2, Stealth) [demonic ancestry]
   443 | D:1      | Reached XP level 2. HP: 12/24 MP: 3/3
   627 | D:1      | Reached * piety under Lugonu
   909 | D:1      | Reached XP level 3. HP: 29/29 MP: 5/5
  1796 | D:2      | Gained mutation: You have sharp fingernails. [demonic
                  | ancestry]
  1796 | D:2      | Reached XP level 4. HP: 16/36 MP: 6/6
  2197 | D:2      | Found a basalt altar of Yredelemnul.
  2198 | D:2      | Found a shimmering altar of Xom.
  2303 | D:3      | Reached ** piety under Lugonu
  2439 | D:3      | Found a bloodstained altar of Trog.
  2785 | D:3      | Found a sparkling altar of Nemelex Xobeh.
  2871 | D:3      | Found a shimmering altar of Xom.
  2890 | D:3      | HP: 1/37 [poisoned by a crimson imp]
  2890 | D:3      | Slain by a crimson imp

Skill      XL: |  1  2  3 |
---------------+----------+-----
Long Blades    | 2 |  2.8
Dodging        | 1 |  1.5
Armour         | 2 |  2.2
Invocations    | 3 |  3.4
Fighting       | |  3.8
Unarmed Combat | |  0.4

Action                   |  1- 3 |  4- 6 || total
-------------------------+-------+-------++-------
Melee: Falchion          |   123 |    61 ||   184
Invok: Depart the Abyss  |     1 |       ||     1
 Stab: Distracted        |     1 |       ||     1
       Sleeping          |     3 |     1 ||     4
  Eat: Chunk             |     3 |     2 ||     5
Armor: Leather armour    |    24 |       ||    24
       Scale mail        |    38 |    32 ||    70
Dodge: Dodged            |   109 |    34 ||   143
       Rpst.: Falchion   |    30 |     9 ||    39
